 Dungeon Crawl Stone Soup version 0.28-a0-511-gcc94558de3 (webtiles) character file.

Game seed: 14293079101052503363

4768 Rennog the Thaumaturge (level 10, -10/63 HPs)
             Began as a Gargoyle Earth Elementalist on Sept 22, 2021.
             Mangled by a boulder beetle (20 damage)
             ... on level 8 of the Dungeon.
             The game lasted 00:18:00 (11092 turns).

Rennog the Thaumaturge (GrEE)                      Turns: 11092, Time: 00:18:03

Health: -10/63     AC: 18    Str: 18    XL:     10   Next: 47%
Magic:  0/23       EV: 15    Int: 19    God:
Gold:   354        SH:  0    Dex: 10    Spells: 15/27 levels left

rFire   . . .      SeeInvis .   A - +3 dagger (elec)
rCold   . . .      Faith    .   (no shield)
rNeg    + . .      Spirit   .   B - +2 steam dragon scales
rPois   ∞          Reflect  .   (no helmet)
rElec   +          Harm     .   w - +0 cloak
rCorr   .          Rampage  .   C - +2 pair of gloves
Will    .....                   (no boots)
Stlth   ++........              (no amulet)
HPRegen 0.20/turn               m - +6 ring of strength
MPRegen 0.18/turn               o - +4 ring of evasion

@: no status effects
A: sickness immunity, AC +7, negative energy resistance 1, electricity
resistance, torment resistance 1, petrification resistance
a: no special abilities


You were on level 8 of the Dungeon.
You visited 1 branch of the dungeon, and saw 9 of its levels.

You collected 354 gold pieces.

Inventory:

Hand Weapons
 d - a +0 short sword
 A - a +3 dagger of electrocution (weapon)
Missiles
 c - 35 stones
 s - a throwing net
Armour
 b - a +0 robe
 j - a +0 pair of gloves
 w - a +0 cloak (worn)
 B - +2 steam dragon scales (worn)
 C - a +2 pair of gloves (worn)
Jewellery
 m - a +6 ring of strength (left hand)
 o - a +4 ring of evasion (right hand)
 G - an amulet of reflection
Wands
 q - a wand of flame (45)
 E - a wand of paralysis (9)
 F - a wand of charming (10)
 H - a wand of iceblast (8)
Scrolls
 a - 2 scrolls of fog {unknown}
 e - 7 scrolls of amnesia
 f - 2 scrolls of enchant weapon
 g - a scroll of enchant armour {unknown}
 i - 2 scrolls of noise {unknown}
 k - 4 scrolls of teleportation
 r - 2 scrolls of fear {unknown}
 u - a scroll of magic mapping {unknown}
 v - 5 scrolls of identify {unknown}
 y - 2 scrolls of blinking {unknown}
 D - a scroll of torment {unknown}
Potions
 h - 3 potions of degeneration {unknown}
 l - 4 potions of curing {unknown}
 n - 2 potions of resistance {unknown}
 p - 3 potions of heal wounds {unknown}
 t - 2 potions of mutation {unknown}
 x - a potion of invisibility {unknown}
 z - a potion of flight {unknown}


   Skills:
 + Level 7.3 Fighting
 - Level 1.5 Dodging
 - Level 2.1 Stealth
 * Level 9.1 Spellcasting
 + Level 6.9 Conjurations
 - Level 0.7 Transmutations
 + Level 9.0 Earth Magic


You had 15 spell levels left.
You knew the following spells:

 Your Spells              Type           Power      Damage    Failure   Level
a - Sandblast             Erth           84%        2d18      1%          1
b - Passwall              Tmut/Erth      22%        N/A       1%          2
c - Stone Arrow           Conj/Erth      78%        3d11      1%          3
d - Blink                 Tloc           N/A        N/A       12%         2
e - Petrify               Tmut/Erth      27%        N/A       11%         4

Your spell library contained the following spells:

 Spells                   Type           Power      Damage    Failure   Level
 Scorch                   Fire           16%        2d5       12%         2
 Animate Armour           Summ/Erth      50%        N/A       13%         4
 Flame Wave               Conj/Fire      21%        3d6       19%         4
 Frozen Ramparts          Ice            16%        1d3       24%         3
 Lesser Beckoning         Tloc           8%         N/A       24%         3
 Ice Form                 Ice/Tmut       10%        N/A       56%         4
 Summon Ice Beast         Ice/Summ       8%         N/A       63%         4
 Manifold Assault         Tloc           8%         N/A       92%         5
 Summon Cactus Giant      Summ           4%         N/A       100%        6
 Lehudib's Crystal Spear  Conj/Erth      19%        10d6      100%        8


Dungeon Overview and Level Annotations

Branches:
Dungeon (9/15)               Lair (0/6) D:8
 Temple: D:4-7          Orc: D:9-12

Altars:
Ashenzari
Dithmenos
Gozag
Kikubaaqudgha
Makhleb
Sif Muna
Trog
Uskayaw
Wu Jian
Xom
Zin
The Shining One

Shops:
D:3 *   D:9 (

Annotations:
D:4 2 transporters, AttackTheMoon's ghost, amateur HOMo
D:7 Harold
D:9 3 runed translucent doors, CraigForest's ghost, novice DsWn


Innate Abilities, Weirdness & Mutations

You are immune to sickness and miasma.
Your stone body is resilient. (AC +7)
You are immune to poison.
You resist negative energy. (rN+)
You are resistant to electric shocks. (rElec)
You are resistant to unholy torment.
You are immune to petrification.


Message History

Aim: a boulder beetle (severely wounded, 100% to hit)
The stone arrow hits the boulder beetle!
The boulder beetle is almost dead.
The boulder beetle barely misses you.
Casting: Stone Arrow (safe; 1% risk of failure)
Confirm with . or Enter, or press ? or * to list all spells.
Aiming: Sandblast (safe; 1% risk of failure)
Press: ? - help, Shift-Dir - straight line, f/p - boulder beetle
Aim: a boulder beetle (almost dead, 100% to hit)
The blast of sand hits the boulder beetle.
The boulder beetle is almost dead.
The boulder beetle leaps!
Casting: Sandblast (safe; 1% risk of failure)
Confirm with . or Enter, or press ? or * to list all spells.
You can't see any susceptible monsters within range! (Use Z to cast anyway.) Unknown command.
The boulder beetle curls into a ball and begins rolling!
Your magical contamination has completely faded away.
There is a stone staircase leading up here.
Casting: Sandblast (safe; 1% risk of failure)
Confirm with . or Enter, or press ? or * to list all spells.
Aiming: Stone Arrow (safe; 1% risk of failure)
Press: ? - help, Shift-Dir - straight line, f/p - boulder beetle
Aim: a boulder beetle (almost dead, rolling, 100% to hit)
The stone arrow hits the boulder beetle.
The boulder beetle is almost dead.
The boulder beetle hits you!!
* * * LOW HITPOINT WARNING * * *
The boulder beetle stops rolling and uncurls.
You climb upwards.
There is a stone staircase leading down here.
Casting: Stone Arrow (safe; 1% risk of failure)
Confirm with . or Enter, or press ? or * to list all spells.
Aiming: Sandblast (safe; 1% risk of failure)
Press: ? - help, Shift-Dir - straight line, f - boulder beetle
Aim: a boulder beetle (almost dead, 100% to hit)
The blast of sand hits the boulder beetle but does no damage.
The boulder beetle is almost dead.
The boulder beetle bites you!!
You die...

#..# ##.##.#
#..#####.##.#
#...........#
#.######.#### #.#
#.# ##.#### #.#
#.....###÷###
#[###.#○...○# #@#
#.#.....###### #B#
#...._.......# #[#
###.....####.# #.#
#§...§# #.# #[#
###.### #.# #.#
##...## #.#
#.#####.....####.#
#.......#.....##.#
#######.>...#.#...


You could see a boulder beetle.

Vanquished Creatures
  Maggie (D:6)
  A slime creature (D:5)
  Prince Ribbit (D:5)
  Menkaure (D:6)
  4 orc warriors
  2 water moccasins
  4 black bears
  An ice beast (D:7)
  2 centaurs (D:9)
  A sky beast (D:6)
  An ogre (D:5)
  2 phantoms
  3 kobold brigands
  4 bullfrogs
  A gnoll sergeant (D:8)
  4 scorpions
  2 water moccasin skeletons (D:5)
  4 wights (D:8)
  6 howler monkeys (D:9)
  A vampire bat (D:4)
  7 jellies
  2 bullfrog zombies (D:5)
  3 hounds
  3 orc priests
  A gnoll shaman (D:8)
  Natasha (thrice) (D:3)
  2 bullfrog skeletons (D:6)
  Terence (D:3)
  5 orc wizards
  A killer bee zombie (D:8)
  3 howler monkey zombies
  14 gnolls
  A howler monkey skeleton (D:7)
  7 adders
  A shadow imp (D:6)
  An ufetubus (D:5)
  A worm (D:5)
  3 fire bats (D:4)
  23 orcs
  2 spectral bats (D:4)
  A bat simulacrum (D:4)
  3 bat skeletons (D:4)
  A bat zombie (D:4)
  7 endoplasms
  4 giant cockroaches
  8 goblins
  3 hobgoblins
  3 jackals (D:5)
  3 quokkas
  5 ball pythons
  16 bats
  10 kobolds
  2 rats (D:1)
196 creatures vanquished.

Vanquished Creatures (others)
  5 fungi (D:8)
  16 plants
  13 toadstools (D:5)
34 creatures vanquished.

Grand Total: 230 creatures vanquished

Notes
Turn   | Place    | Note
-------+----------+-------------------------------------------
     0 | D:1      | Rennog the Gargoyle Earth Elementalist began the quest for
                  | the Orb.
     0 | D:1      | Reached XP level 1. HP: 10/10 MP: 3/3
   335 | D:1      | Found a faded altar of an unknown god.
   471 | D:1      | Reached XP level 2. HP: 13/16 MP: 5/5
  1112 | D:1      | Learned a level 2 spell: Passwall
  1158 | D:2      | Reached skill level 1 in Fighting
  1367 | D:2      | Reached XP level 3. HP: 16/20 MP: 6/6
  1835 | D:2      | You fall into a shaft and drop 1 floor!
  2062 | D:3      | Noticed Terence
  2321 | D:2      | Reached XP level 4. HP: 21/26 MP: 8/8
  3491 | D:3      | Noticed Natasha
  3739 | D:3      | Found Voscheotiu's Assorted Antiques.
  3743 | D:3      | Killed Natasha
  3744 | D:3      | Reached XP level 5. HP: 30/30 MP: 6/10
  3800 | D:3      | Noticed Natasha
  3803 | D:3      | Killed Natasha
  3804 | D:3      | Reached skill level 1 in Conjurations
  3992 | D:3      | Noticed Natasha
  3997 | D:3      | Killed Natasha
  4316 | D:3      | Killed Terence
  4317 | D:3      | Reached XP level 6. HP: 28/36 MP: 6/12
  4321 | D:3      | Learned a level 3 spell: Stone Arrow
  4460 | D:3      | Learned a level 2 spell: Blink
  4479 | D:4      | Reached skill level 5 in Earth Magic
  4587 | D:4      | Found a transporter.
  5186 | D:4      | Reached XP level 7. HP: 41/41 MP: 12/14
  5474 | D:4      | Found a glowing silver altar of Zin.
  5569 | D:4      | Found a transporter.
  5585 | D:4      | Noticed AttackTheMoon's ghost (amateur HOMo)
  5612 | D:4      | Reached skill level 5 in Spellcasting
  5810 | D:5      | Entered Level 5 of the Dungeon
  6162 | D:5      | Found a shimmering blue altar of Sif Muna.
  6316 | D:5      | Reached XP level 8. HP: 48/48 MP: 8/16
  6558 | D:5      | Learned a level 2 spell: Passwall
  6845 | D:5      | Noticed Prince Ribbit
  6848 | D:5      | Killed Prince Ribbit
  6995 | D:5      | Reached skill level 5 in Fighting
  7233 | D:5      | Noticed a slime creature
  7308 | D:5      | Reached XP level 9. HP: 54/54 MP: 15/19
  7349 | D:5      | Reached skill level 5 in Conjurations
  8183 | D:6      | Noticed Menkaure
  8184 | D:6      | Found a shimmering altar of Xom.
  8186 | D:6      | Killed Menkaure
  8198 | D:6      | Noticed Maggie
  8414 | D:6      | Killed Maggie
  9399 | D:7      | Reached XP level 10. HP: 61/61 MP: 6/22
  9570 | D:7      | Found a hide-covered altar of Uskayaw.
  9640 | D:7      | Noticed Harold
  9895 | D:8      | Found a broken altar of Ashenzari.
 10086 | D:8      | Found a staircase to the Lair.
 10178 | D:8      | Learned a level 4 spell: Petrify
 10205 | D:8      | Found an opulent altar of Gozag.
 10477 | D:8      | Found an ancient bone altar of Kikubaaqudgha.
 10737 | D:8      | Found an ornate altar of the Wu Jian Council.
 10896 | D:9      | Noticed a boulder beetle
 10945 | D:9      | Found a burning altar of Makhleb.
 10946 | D:9      | Found a shadowy altar of Dithmenos.
 10947 | D:9      | Found a glowing golden altar of the Shining One.
 10948 | D:9      | Found a bloodstained altar of Trog.
 10974 | D:9      | Found a runed translucent gate.
 10974 | D:9      | Found a runed translucent gate.
 10975 | D:9      | Found a runed translucent gate.
 10979 | D:9      | Noticed CraigForest's ghost (novice DsWn)
 10995 | D:9      | Found Safiam's Weapon Boutique.
 11092 | D:8      | Mangled by a boulder beetle

Illustrated notes

Levels and vault maps discovered:
D:1:      moated_graveyard_arrival, layout_loops_corners, basic_ecumenical_altar
D:2:      minmay_inner_zag, layout_basic
D:3:      layout_basic, serial_shops, nicolae_shop_statue_plus, uniq_terence,
          uniq_natasha
D:4:      layout_loops_ring, zin_treasury, gammafunk_ghost_stat_death,
          goddamned_bats
D:5:      cheibrodos_fertilizer, layout_loops_corners,
          mainiacjoe_overflow_alcove_4, roderic_roman_lattice, corexii_shack,
          minmay_starry_boxes, uniq_prince_ribbit1
D:6:      layout_loops_cross, kennysheep_mini, uniq_maggie, uniq_menkaure
D:7:      layout_rooms, nicolae_uskayaw_suspiria, minmay_temple_entry_arrows,
          uniq_harold
D:8:      layout_loops_ring, old_standard_altar, overflow_temple_1_default,
          nicolae_kikubaaqudgha_miasma_corner, mainiacjoe_overflow_tiny_flanked,
          grunt_lair_entry_orc_guard_hut
D:9:      layout_long_grid, chequers_temple_overflow_statue_of_worship,
          overflow_temple_1_default, serial_shops, shop,
          gammafunk_ghost_spectres

Skill      XL: |  1  2  3  4  5  6  7  8  9 10 |
---------------+-------------------------------+-----
Fighting       | 1 2 3 4 5 6 7 |  7.3
Earth Magic    | 4 5 6 7 8 9 |  9.0
Spellcasting   | 3 4 5 6 8 9 |  9.1
Conjurations   | 1 2 3 4 6 |  6.9
Dodging        | |  1.5
Stealth        | |  2.1
Transmutations | |  0.7

Action                   |  1- 3 |  4- 6 |  7- 9 | 10-12 || total
-------------------------+-------+-------+-------+-------++-------
Melee: Unarmed           |    18 |       |       |       ||    18
       Short sword       |    74 |   162 |   114 |       ||   350
       Dagger            |       |       |   107 |    82 ||   189
 Cast: Sandblast         |    13 |    38 |    58 |     6 ||   115
       Stone Arrow       |       |       |    54 |    49 ||   103
       Passwall          |       |       |     1 |       ||     1
  Use: Scroll            |       |       |     3 |       ||     3
 Stab: Sleeping          |     1 |     5 |     2 |       ||     8
Armor: Robe              |    45 |   137 |    78 |       ||   260
       Steam dragon scal |       |       |    12 |    45 ||    57
Dodge: Dodged            |    81 |   165 |   226 |    85 ||   557

Table legend: (Time is in decaauts)
 A = Elapsed time spent in this place.
 B = Non-inter-level travel time spent in this place.
 C = Inter-level travel time spent in this place.
 D = Time resting spent in this place.
 E = Time spent auto-exploring this place.
 F = Levels seen in this place.
 G = Mean time per level.
                   A        B        C        D        E       F      G
               +--------+--------+--------+--------+--------+-----+--------+
         Total |  11129 |  10805 |    324 |    279 |   8860 |   9 | 1236.6 |
       Dungeon |  11129 |  10805 |    324 |    279 |   8860 |   9 | 1236.6 |
               +--------+--------+--------+--------+--------+-----+--------+

Top non-repeatable levels by time:
     D:2: 2102 daAuts
     D:5: 2057 daAuts
     D:6: 1358 daAuts
     D:4: 1353 daAuts
     D:8: 1242 daAuts
     D:3: 1235 daAuts
     D:1: 1145 daAuts
     D:7: 430 daAuts
     D:9: 202 daAuts
